 Dungeon Crawl Stone Soup version 0.22.1-1-ga44c0e56f4 (webtiles) character file.

96 Ihlosi the Skirmisher (level 4, -27/73 HPs)
             Began as an Ogre Fighter on Nov 1, 2018.
             Killed from afar by a giant cockroach (37 damage)
             ... with an exploding inner flame
             ... hexed by the player character
             ... on level 2 of the Dungeon.
             The game lasted 00:03:52 (1390 turns).

Ihlosi the Skirmisher (Ogre Fighter)                Turns: 1390, Time: 00:03:54

Health: -27/73     AC: 22    Str: 19 (20) XL:     4   Next: 67%
Magic:  4/4        EV:  1    Int:  6 (9)  God:
Gold:   81         SH:  8    Dex:  6 (9)  Spells: 3/3 levels left

rFire    . . .     SeeInvis .   a - +0 flail
rCold    . . .     Gourm    .   c - +0 shield
rNeg     + + +     Faith    .   (armour currently unavailable)
rPois    +         Spirit   .   (helmet currently unavailable)
rElec    .         Reflect  .   (cloak currently unavailable)
rCorr    .         Harm     .   (gloves unavailable)
MR       .....     NoTele   +   (boots unavailable)
Stlth    +.........             (no amulet)
HPRegen  0.22/turn              (no ring)
MPRegen  0.09/turn              (no ring)

@: tree-form
A: large, unfitting armour
a: no special abilities


You were on level 2 of the Dungeon.
You were not hungry.
You were a tree.
You visited 1 branch of the dungeon, and saw 2 of its levels.

You collected 81 gold pieces.

Inventory:

Hand Weapons
 a - a +0 flail (weapon)
Missiles
 j - 3 javelins (quivered)
Armour
 b - a +0 robe (melded)
 c - a +0 shield (worn)
Jewellery
 l - an uncursed ring of ice
Scrolls
 e - a scroll of enchant weapon
 g - a scroll of identify
Potions
 m - 2 potions of ambrosia {unknown}
Comestibles
 f - 4 rations


   Skills:
 + Level 4.7 Fighting
 + Level 2.9 Maces & Flails
 + Level 3.5 Dodging
 - Level 3.0 Shields


You had 3 spell levels left.
You didn't know any spells.
Your spell library was empty.

Dungeon Overview and Level Annotations

Branches:
Dungeon (2/15)

Altars:


Innate Abilities, Weirdness & Mutations

You are too large for most types of armour.
((You have tough skin. (AC +1)))


Message History

The giant cockroach bites you but does no damage. x2
It was a potion of lignification.
You turn into a tree.
Your +0 robe melds into your body.
Your roots penetrate the ground.
The adder bites you but does no damage.
The giant cockroach bites you but does no damage. x2
The giant cockroach waves its antennae.
The adder bites you but does no damage.
You closely miss the adder.
The adder is severely wounded.
The giant cockroach bites you but does no damage. x2
The adder bites you but does no damage.
The giant cockroach bites you but does no damage.
You block the giant cockroach's attack.
You sock the adder!
The adder explodes!
The fiery explosion engulfs the giant cockroach.
The giant cockroach explodes!
The fiery explosion engulfs you!
Ouch! That really hurt!
You die...

.................................
##.#####..#.........##.....######
#..# #..#.........##.....# ##.#
#............##.....# ###.##
#............##.....# .....#
#............######## ####.#
#..#...§§....#
..##..#####§#################
...... #§♣# ............. #.###
##s# ............. ..


ss# ............. #.# .ss. .....h..>.... ....?. .........r...
.......#.......<.S... ..!.....#............. #........#.............
............. You could see 5 giant cockroaches.

Vanquished Creatures
  Terence (D:2)
  An adder (D:2)
  A gnoll (D:1)
  An ooze (D:2)
  A worm (D:2)
  A dart slug (D:1)
  2 leopard geckos (D:1)
  5 bats (D:1)
  2 giant cockroaches
  2 goblins (D:1)
  6 hobgoblins
  6 jackals (D:1)
  3 kobolds (D:1)
  2 quokkas (D:2)
  A ball python (D:1)
  3 frilled lizards (D:1)
  4 rats
42 creatures vanquished.

Notes
Turn   | Place    | Note
-------+----------+-------------------------------------------
     0 | D:1      | Ihlosi the Ogre Fighter began the quest for the Orb.
     0 | D:1      | Reached XP level 1. HP: 24/24 MP: 1/1
   169 | D:1      | Reached XP level 2. HP: 32/32 MP: 2/2
   457 | D:1      | Reached XP level 3. HP: 32/40 MP: 3/3
  1123 | D:2      | Noticed Terence
  1130 | D:2      | Killed Terence
  1130 | D:2      | Reached XP level 4. HP: 37/49 MP: 4/4
  1390 | D:2      | Killed from afar by a giant cockroach

Skill      XL: |  1  2 |
---------------+-------+-----
Dodging        | 3 |  3.5
Shields        | 3 |  3.0
Maces & Flails | 2 |  2.9
Fighting       | |  4.7

Action                   |  1- 3 |  4- 6 || total
-------------------------+-------+-------++-------
Melee: Flail             |   103 |    43 ||   146
Throw: Javelin           |     5 |       ||     5
  Use: Potion            |     1 |     2 ||     3
       Scroll            |       |     2 ||     2
 Stab: Sleeping          |     1 |       ||     1
  Eat: Chunk             |     1 |     1 ||     2
Armor: Robe              |    40 |    24 ||    64
       Skin              |       |     8 ||     8
Dodge: Dodged            |    40 |    33 ||    73
Block: Shield            |    68 |    30 ||    98
